AoeStats
← ALIKOG_IR

Runestones

507423926Analyzed
1v1 RM · 14d ago on Sep 18, 2026· 33m 55s· 2 players
Game mode
Random Map
Map size
Tiny (2 player)
Population
200
Speed
Normal
Resources
Standard
Victory
Conquest
Starting age
Dark Age
Ending age
Imperial Age
RankedLock teamsTeams togetherTeam positionsShared explorationLock speedFull tech treeHidden civsTurbo modeCheats
Victory
Defeat
🇨🇳 Mapuche · China
1482
+13
🇦🇷 Britons · Argentina
1408
-13
AOE | Wu
9:25 Feudal Age
7:41 Loom
12:24 Fletching
12:32 Double-Bit Axe
20:42 Castle Age
19:15 Stone Mining
21:47 Gold Mining
22:00 Horse Collar
31:56 Bow Saw
ALIKOG_IR
6:53 Loom
9:08 Feudal Age
9:49 Double-Bit Axe
9:46 Horse Collar
18:41 Fletching
20:30 Wheelbarrow
23:15 Castle Age
24:14 Crossbowman
24:50 Bodkin Arrow
24:37 Pikeman
Connection lost

Rejoining the realm…

Still unreachable

The connection could not be restored.

Session expired

The server has moved on; the page needs a fresh start.